 Dungeon Crawl Stone Soup version 0.32-a0-616-g9348d4545b (webtiles) character file.

Game seed: 10782886886259453503

646458 cordlesssteve the Slayer (level 27, -2/243 HPs)
             Began as a Minotaur Hunter on Mar 4, 2024.
             Was an Elder of Hepliaklqana.
             Slain by an Orb Guardian (5 damage)
             ... on level 5 of the Realm of Zot on Mar 5, 2024.
             The game lasted 06:24:23 (91317 turns).

cordlesssteve the Slayer (Minotaur Hunter)         Turns: 91317, Time: 06:24:24

Health: -2/243     AC: 27    Str: 26      XL:     27
Magic:  30/30      EV: 35    Int:  5 (6)  God:    Hepliaklqana [****..]
Gold:   1197       SH:  9    Dex: 33      Spells: 16/26 levels left

rFire   + . .        a - +9 arbalest "Pizisu" {freeze, rC++}
rCold   + + +        (shield currently unavailable)
rNeg    + . .        r - +8 chain mail of Agnosticism {+Inv Fly rC+ Dex+3}
rPois   +            P - -2 hat of the Alchemist {rElec rPois rF+ rC+ rN+ Will+ rMut rCorr}
rElec   +            e - +1 cloak of Starlight {*Dazzle EV+4 Stlth--}
rCorr   +            W - +1 pair of gloves of Impressiveness {rElec rF+}
SInv    .            H - +1 pair of boots of Niucur {rElec Dex+6}
Will    +++++        j - amulet of reflection
Stlth   ++           Q - ring "Derrure" {Ice rElec rPois Will++ Dex+4}
HPRegen 0.60/turn    d - ring "Ejofeukkigio" {+Blink Str+6}
MPRegen 0.22/turn

%: reflection, resist mutation
@: about to teleport, flying, studying 4 skills
A: reduced essence, horns 2, retaliatory headbutt, large bone plates 1, clumsy
2, deformed body, low MP 1, inability to drink after injury 1, inability to read
after injury 1
}: 3/15 runes: serpentine, barnacled, slimy
a: Renounce Religion, Evoke Blink, Evoke Invisibility, Recall Ancestor, Ancestor
Identity, Transference, Idealise


You were on level 5 of the Realm of Zot.
You worshipped Hepliaklqana.
Hepliaklqana was greatly pleased with you.
You visited 13 branches of the dungeon, and saw 57 of its levels.
You visited the Abyss 1 time.
You visited 2 bazaars.
You visited 1 ziggurat, and saw 4 of its levels.
You also visited: Ossuary, Ice Cave and Wizlab.

You collected 8594 gold pieces.
You spent 7397 gold pieces at shops.

Inventory:

Hand Weapons
 a - the +9 arbalest "Pizisu" (weapon) {freeze, rC++}
   (You bought it in a shop on level 6 of the Dungeon)

   rC++:      It greatly protects you from cold.
 b - the +4 battleaxe "Volot" {speed, rN+}
   (You found it on level 6 of the Dungeon)

   rN+:       It protects you from negative energy.
 m - the +8 Vampire's Tooth {megavamp}
   (You found it on level 5 of the Pits of Slime)
 w - a +9 hand cannon of flaming
 A - the +8 eveningstar "Luydoh" {heavy, Will+ Str+4 Int-5}
   (You bought it in a shop on level 6 of the Dungeon)

   Str+4:     It affects your strength (+4).
   Int-5:     It affects your intelligence (-5).
   Will+:     It increases your willpower.
 E - the +1 great sword "Jamaf" {flame, rElec Str+5 Dex+3}
   (You took it off a vault sentinel on level 4 of the Vaults)

   Str+5:     It affects your strength (+5).
   Dex+3:     It affects your dexterity (+3).
   rElec:     It insulates you from electricity.
 M - the +1 hand axe "Newt's Curse" {heavy, Int+5 Stlth+}
   (You found it on level 1 of the Tomb of the Ancients)

   Int+5:     It affects your intelligence (+5).
   Stlth+:    It makes you more stealthy.
Missiles
 Z - 3 throwing nets
Armour
 e - the +1 cloak of Starlight (worn) {*Dazzle EV+4 Stlth--}
   (You bought it in a shop on level 2 of the Vaults)

   *Dazzle:   It may blind those who miss an attack against the wearer in melee
   combat.
   EV+4:      It affects your evasion (+4).
   Stlth--:   It makes you much less stealthy.
 l - the +3 kite shield of Plasticity {rPois rF+ rC- rN+}
   (You found it on level 5 of the Pits of Slime)

   rF+:       It protects you from fire.
   rC-:       It makes you vulnerable to cold.
   rPois:     It protects you from poison.
   rN+:       It protects you from negative energy.
 n - quicksilver dragon scales
 r - the +8 chain mail of Agnosticism (worn) {+Inv Fly rC+ Dex+3}
   (You found it on level 14 of the Dungeon)

   Dex+3:     It affects your dexterity (+3).
   rC+:       It protects you from cold.
   +Inv:      It lets you turn invisible.
   Fly:       It grants you flight.
 H - the +1 pair of boots of Niucur (worn) {rElec Dex+6}
   (You bought it in a shop on level 2 of the Vaults)

   Dex+6:     It affects your dexterity (+6).
   rElec:     It insulates you from electricity.
 P - the -2 hat of the Alchemist (worn) {rElec rPois rF+ rC+ rN+ Will+ rMut rCorr}
   (You found it on level 5 of the Lair of Beasts)

   rF+:       It protects you from fire.
   rC+:       It protects you from cold.
   rElec:     It insulates you from electricity.
   rPois:     It protects you from poison.
   rN+:       It protects you from negative energy.
   Will+:     It increases your willpower.
   rCorr:     It protects you from acid and corrosion.
   rMut:      It protects you from mutation.
 W - the +1 pair of gloves of Impressiveness (worn) {rElec rF+}
   (You found it on level 10 of the Dungeon)

   rF+:       It protects you from fire.
   rElec:     It insulates you from electricity.
Jewellery
 d - the ring "Ejofeukkigio" (right hand) {+Blink Str+6}
   (You took it off a deep elf sorcerer on level 3 of the Elven Halls)

   [ring of strength]

   Str+6:     It affects your strength (+6).
   +Blink:    It lets you blink.
 j - an amulet of reflection (around neck)
 D - a ring of protection from fire
 G - a +4 ring of protection
 J - the ring of the Hidden Blessings {rPois Will+ Dex+6}
   (You took it off a deep elf zephyrmancer on level 3 of the Elven Halls)

   [ring of poison resistance]

   Dex+6:     It affects your dexterity (+6).
   rPois:     It protects you from poison.
   Will+:     It increases your willpower.
 O - the ring "Xemim" {rPois rF+ Str+6 Int+2}
   (You took it off a deep elf annihilator on level 3 of the Elven Halls)

   [ring of strength]

   Str+6:     It affects your strength (+6).
   Int+2:     It affects your intelligence (+2).
   rF+:       It protects you from fire.
   rPois:     It protects you from poison.
 Q - the ring "Derrure" (left hand) {Ice rElec rPois Will++ Dex+4}
   (You took it off Josephina on level 2 of the Realm of Zot)

   [ring of ice]

   Ice:       It enhances your ice magic.
   Dex+4:     It affects your dexterity (+4).
   rF-:       It makes you vulnerable to fire.
   rC+:       It protects you from cold.
   rElec:     It insulates you from electricity.
   rPois:     It protects you from poison.
   Will++:    It greatly increases your willpower.
 R - the amulet of Leaves {Spirit *Slow rC- rN+++ Stlth+}
   (You found it on level 5 of the Pits of Slime)

   [amulet of guardian spirit]

   Spirit:    It causes incoming damage to be divided between your reserves of
   health and magic.
   rC-:       It makes you vulnerable to cold.
   rN+++:     It renders you almost immune to negative energy.
   *Slow:     It may slow you when you take damage.
   Stlth+:    It makes you more stealthy.
Wands
 t - a wand of polymorph (17)
 y - a wand of flame (120)
 C - a wand of charming (40)
 K - a wand of warping (71)
 L - a wand of digging (44)
 T - a wand of light (17)
 Y - a wand of mindburst (22)
Scrolls
 c - 2 scrolls of silence
 k - 9 scrolls of immolation
 p - 5 scrolls of fear
 s - 5 scrolls of teleportation
 x - 3 scrolls of fog
 z - 3 scrolls of torment
 F - 10 scrolls of poison
 N - 4 scrolls of revelation
Potions
 g - a potion of cancellation
 h - 2 potions of ambrosia
 u - 10 potions of resistance
 v - 11 potions of enlightenment
 B - 19 potions of curing
 I - 5 potions of invisibility
 S - a potion of haste
 X - 8 potions of might
Miscellaneous
 i - a phantom mirror
 o - a lightning rod (4/4)
 U - a tin of tremorstones (2/2)


   Skills:
 * Level 26.5 Fighting
 - Level 12.2(12.6) Short Blades
 - Level 5.9(10.4) Long Blades
 - Level 19.4(22.5) Axes
 - Level 19.4(22.5) Maces & Flails
 * Level 26.2 Ranged Weapons
 - Level 22.1 Armour
 - Level 20.6 Dodging
 * Level 15.1 Stealth
 - Level 16.9 Invocations


You had 16 spell levels left.
You knew the following spells:

 Your Spells              Type           Power      Damage    Failure   Level
a - Lee's Rapid Deconstr  Erth           0%         3d4*      100%        5
b - Silence               Hex/Air        0%         N/A       100%        5

Your spell library contained the following spells:

 Spells                   Type           Power      Damage    Failure   Level
 Apportation              Tloc           0%         N/A       78%         1
 Foxfire                  Conj/Fire      0%         2x1d4     78%         1
 Freeze                   Ice            0%         1d3       78%         1
 Kiss of Death            Conj/Necr      0%         2d5       78%         1
 Magic Dart               Conj           0%         1d3       78%         1
 Necrotise                Necr           0%         1d4       78%         1
 Sandblast                Erth           0%         2d4       78%         1
 Shock                    Conj/Air       0%         1d3       78%         1
 Sting                    Conj/Alch      0%         1d3       78%         1
 Summon Small Mammal      Summ           0%         N/A       78%         1
 Blink                    Tloc           0%         N/A       89%         2
 Call Imp                 Summ           0%         N/A       89%         2
 Cigotuvi's Dreadful Rot  Necr/Alch/Air  0%         N/A       89%         2
 Ensorcelled Hibernation  Hex/Ice        0%         N/A       89%         2
 Lesser Beckoning         Tloc           0%         N/A       89%         2
 Mercury Vapours          Alch/Air       0%         N/A       89%         2
 Static Discharge         Conj/Air       0%         3-3/arc   89%         2
 Call Canine Familiar     Summ           0%         N/A       98%         3
 Confusing Touch          Hex            0%         N/A       98%         3
 Dazzling Flash           Conj/Hex       0%         N/A       98%         3
 Frozen Ramparts          Ice            0%         1d1       98%         3
 Fugue of the Fallen      Necr           0%         N/A       98%         3
 Gell's Gravitas          Tloc           0%         N/A       98%         3
 Hailstorm                Conj/Ice       0%         3d5       98%         3
 Inner Flame              Hex/Fire       0%         N/A       98%         3
 Ozocubu's Armour         Ice            0%         N/A       98%         3
 Passwall                 Erth           0%         N/A       98%         3
 Sigil of Binding         Hex            0%         N/A       98%         3
 Stone Arrow              Conj/Erth      0%         3d7       98%         3
 Summon Ice Beast         Ice/Summ       0%         N/A       98%         3
 Swiftness                Air            0%         N/A       98%         3
 Teleport Other           Tloc           0%         N/A       98%         3
 Tukima's Dance           Hex            0%         N/A       98%         3
 Vampiric Draining        Necr           0%         2d6       98%         3
 Volatile Blastmotes      Fire/Tloc      0%         2d10      98%         3
 Airstrike                Air            0%         2d(0-16)  100%        4
 Animate Armour           Summ/Erth      0%         N/A       100%        4
 Animate Dead             Necr           0%         N/A       100%        4
 Brom's Barrelling Bould  Conj/Erth      0%         2d3       100%        4
 Cause Fear               Hex            0%         N/A       100%        4
 Dimensional Bullseye     Hex/Tloc       0%         N/A       100%        4
 Dispel Undead            Necr           0%         3d6       100%        4
 Flame Wave               Conj/Fire      0%         2d4       100%        4
 Iskenderun's Mystic Bla  Conj/Tloc      0%         2d3       100%        4
 Leda's Liquefaction      Alch/Erth      0%         N/A       100%        4
 Manifold Assault         Tloc           0%         N/A       100%        4
 Martyr's Knell           Necr/Summ      0%         N/A       100%        4
 Olgreb's Toxic Radiance  Alch           0%         N/A       100%        4
 Passage of Golubria      Tloc           0%         N/A       100%        4
 Sticky Flame             Fire/Alch      0%         2d4       100%        4
 Summon Blazeheart Golem  Fire/Summ      0%         N/A       100%        4
 Summon Lightning Spire   Summ/Air       0%         N/A       100%        4
 Vhi's Electric Charge    Tloc/Air       0%         N/A       100%        4
 Alistair's Intoxication  Alch           0%         N/A       100%        5
 Arcjolt                  Conj/Air       0%         1d10      100%        5
 Curse of Agony           Necr           0%         N/A       100%        5
 Irradiate                Conj/Alch      0%         3d11      100%        5
 Iskenderun's Battlesphe  Conj           0%         2d6       100%        5
 Metabolic Englaciation   Hex/Ice        0%         N/A       100%        5
 Summon Forest            Summ/Tloc      0%         N/A       100%        5
 Summon Mana Viper        Hex/Summ       0%         N/A       100%        5
 Yara's Violent Unravell  Hex/Alch       0%         3d3       100%        5
 Bombard                  Conj/Erth      0%         9d1       100%        6
 Death Channel            Necr           0%         N/A       100%        6
 Plasma Beam              Fire/Air       0%         2x1d10    100%        6
 Sculpt Simulacrum        Ice/Alch       0%         N/A       100%        6
 Starburst                Conj/Fire      0%         6d3       100%        6
 Summon Cactus Giant      Summ           0%         N/A       100%        6
 Haunt                    Necr/Summ      0%         N/A       100%        7
 Malign Gateway           Summ/Tloc      0%         N/A       100%        7
 Monstrous Menagerie      Summ           0%         N/A       100%        7
 Orb of Destruction       Conj           0%         9d5       100%        7
 Ozocubu's Refrigeration  Ice            0%         4d7       100%        7
 Spellforged Servitor     Conj/Summ      0%         N/A       100%        7
 Borgnjor's Revivificati  Necr           0%         N/A       100%        8
 Discord                  Hex            0%         N/A       100%        8
 Ignition                 Fire           0%         3d3       100%        8
 Infestation              Necr           0%         N/A       100%        8
 Lehudib's Crystal Spear  Conj/Erth      0%         10d2      100%        8
 Maxwell's Capacitive Co  Air            0%         ∞         100%        8
 Summon Horrible Things   Summ           0%         N/A       100%        8
 Death's Door             Necr           0%         N/A       100%        9


Dungeon Overview and Level Annotations

Branches:
Dungeon (15/15)            Temple (1/1) D:7            Lair (5/5) D:10
 Shoals (4/4) Lair:3        Snake (4/4) Lair:2        Slime (5/5) Lair:5
    Orc (2/2) D:11            Elf (3/3) Orc:2        Vaults (5/5) D:13
  Crypt (3/3) Vaults:2       Tomb (1/3) Crypt:3      Depths (4/4) D:15
    Zot (5/5) Depths:4    Ossuary (visited)           IceCv (visited)
 WizLab (visited)

Altars:
Ashenzari
Cheibriados
Dithmenos
Elyvilon
Fedhas
Gozag
Hepliaklqana
Kikubaaqudgha
Makhleb
Nemelex Xobeh
Okawaru
Qazlal
Ru
Sif Muna
Trog
Uskayaw
Vehumet
Wu Jian
Xom
Yredelemnul
Zin
The Shining One
Beogh
Jiyva
Lugonu

Shops:
D:6 ((   D:14 ?   Orc:2 =?[:   Elf:2 [[[   Shoals:1 [   Shoals:2 ?   Shoals:3 (
Snake:1 [   Vaults:2 [(?   Vaults:4 :   Depths:2 (?(!?

Portals:
Hell: Depths:2 Depths:3 Depths:4
Abyss: Depths:2 Depths:3
Pandemonium: Depths:2 Depths:4

Annotations:
D:3 2 transporters, DeathSocks's ghost, weakling MDFE
Elf:1 3 runed translucent doors, 1 exclusion


Innate Abilities, Weirdness & Mutations

Your life essence is reduced to manifest your ancestor. (-10% HP)
You have a pair of horns on your head.
You reflexively headbutt those who attack you in melee.
You are partially covered in large bone plates. (SH +4)
You are very clumsy. (Dex -4)
Armour fits poorly on your strangely shaped body.
Your magical capacity is low. (-10% MP)
You occasionally lose the ability to drink potions when taking damage.
You occasionally lose the ability to read scrolls when taking damage.


Message History

The Orb Guardian completely misses you. x2; You furiously retaliate!
You headbutt the Orb Guardian!
The electric golem blinks!
The Orb Guardian closely misses you. You furiously retaliate!
You headbutt the Orb Guardian.
The sentinel's mark upon you fades away.
The electric golem blinks!
Teympexa blocks the Orb Guardian's attack.
Teympexa hits the Orb Guardian with a +0 broad axe of speed!!
The Orb Guardian dies!
Teympexa barely misses the Orb Guardian.
Teympexa hits the Orb Guardian with a +0 broad axe of speed!
The Orb Guardian attacks as it pursues you!
The Orb Guardian hits you!
* * * LOW HITPOINT WARNING * * *
You block the Orb Guardian's attack.
The Orb Guardian hits Teympexa but does no damage.
As you read the scroll of fog, it dissolves into smoke.
Teympexa hits the Orb Guardian with a +0 broad axe of speed.
Teympexa hits the Orb Guardian with a +0 broad axe of speed! x2
Teympexa blocks the Orb Guardian's attack.
The Orb Guardian hits Teympexa but does no damage.
The Orb Guardian hits Teympexa!!!
Teympexa is destroyed!
As you read the scroll of fear, it crumbles to dust.
You assume a fearsome visage.
The Orb Guardian easily resists.
The electric golem is unaffected.
The Orb Guardian looks frightened!
The Orb Guardian resists with almost no effort.
The Orb Guardian easily resists.
The Orb Guardian resists with almost no effort.
You block the Orb Guardian's attack. The Orb Guardian hits you!!
* * * LOW HITPOINT WARNING * * *
The Orb Guardian completely misses you.
The Orb Guardian hits you but does no damage.
The electric golem blinks!
The Orb Guardian hits you!!
* * * LOW HITPOINT WARNING * * *
The Orb Guardian attacks as it pursues you!
The Orb Guardian hits you.
You die...
Hepliaklqana delivers you to your ancestors.

▓▓▓▓▓▓▓▓▓▓▓▓▓
^...^...§...▓▓▓▓
.........§§§...▓▓▓
........§§§§.....▓▓
.....^.§X§§§§....^▓
..$....§..@XX§§§.....▓ .
..........§X§§§§.....▓ ...
...........§.§§§..9...▓..^.
▓▓.............§......9^....
▓▓......................▓....
▓▓.....9.................▓ .
▓........................▓
▓.........^".............#
▓..........^...........##


You could see an electric golem and 4 Orb Guardians.

Vanquished Creatures
  the Royal Jelly (Slime:5)
  2 dread liches
  4 orbs of fire
  Mara (Snake:2)
  6 ancient liches
  A juggernaut (Depths:4)
  Josephina (Zot:2)
  A royal mummy (Tomb:1)
  The ghost of Jehehi the Devastator, a veteran DgCj (Depths:3)
  Boris (twice) (Crypt:1 Tomb:1)
  2 Killer Klowns (Zot:4)
  Vashnia (Snake:2)
  5 golden dragons
  2 curse toes
  A profane servitor (Crypt:3)
  A bone dragon (Crypt:3)
  The ghost of Micliseo the Warrior, an adept GrFi of Cheibriados (Crypt:2)
  2 electric golems
  Rupert (Lair:4)
  Jorgrun (Snake:3)
  The ghost of Oxzi the Archmage, an adept DEHW of Vehumet (Depths:3)
  Mlioglotl (Snake:3)
  A walking crystal tome (Depths:3)
  19 tentacled monstrosities
  12 Orb Guardians (Zot:5)
  A lich (Depths:3)
  3 titans
  6 quicksilver dragons
  2 deep elf blademasters (Elf:3)
  Asterion (Snake:2)
  4 krakens
  A searing wretch (Vaults:2)
  7 sphinxes
  A deep elf master archer (Elf:3)
  8 death cobs
  29 acid blobs
  3 ancient champions
  Agnes (D:14)
  Roxanne (Elf:1)
  12 storm dragons
  4 shadow dragons
  2 tengu reavers
  Kirke (D:15)
  3 protean progenitors
  17 rockslimes
  Aizul (Snake:2)
  4 revenants
  4 nagarajas
  5 fire giants
  4 draconian monks
  The ghost of Voac the Fighter, a journeyman MiAr of the Shining One (Depths:3)
  The ghost of jamsaran the Toxicologist, a journeyman DgAl (Shoals:2)
  26 azure jellies
  2 frost giants (Depths:3)
  8 deep elf sorcerers (Elf:3)
  2 iron dragons
  2 draconian knights
  A juggernaut zombie (Tomb:1)
  A spectral caustic shrike (Crypt:2)
  5 deep elf elementalists (Elf:3)
  14 vault wardens
  A balrug (Depths:2)
  3 draconian scorchers
  2 ghouls
  2 draconian stormcallers
  7 draconian shifters
  An orc warlord (Vaults:4)
  7 ironbound thunderhulks
  A reaper (Depths:2)
  17 quicksilver oozes
  9 ironbound preservers
  3 formless jellyfish
  18 very ugly things
  7 draconian annihilators
  3 deep elf demonologists
  A spriggan defender (Depths:2)
  2 green draconians (Zot:1)
  5 deep elf annihilators
  7 yellow draconians
  6 stone giants
  4 deep elf death magi
  10 red draconians
  A spectral titan (Crypt:3)
  7 vampire knights
  5 dire elephants
  2 war gargoyles
  7 black draconians
  6 spark wasps
  9 white draconians
  16 purple draconians
  4 statues (WizLab)
  An eidolon (Crypt:2)
  5 mummy priests (Tomb:1)
  3 merfolk javelineers (Shoals:4)
  A spectral elf (Crypt:3)
  4 fire dragons
  6 merfolk impalers
  A crystal guardian (Vaults:1)
  10 ettins
  8 yaktaur captains
  5 deep elf high priests (Elf:3)
  14 great orbs of eyes
  A rakshasa (Depths:3)
  3 entropy weavers
  3 salamander tyrants (Snake:4)
  A ghost crab (Crypt:2)
  15 jiangshi
  A peacekeeper (Vaults:1)
  10 centaur warriors
  2 spriggan air magi
  3 hydras
  26 vault guards
  2 ironbound frosthearts
  4 catoblepae
  Erica (D:8)
  5 ice dragons
  A catoblepas (shapeshifter) (Vaults:1)
  7 anacondas
  2 boulder beetles
  2 jorogumos (Zot:1)
  3 merfolk avatars
  4 merfolk aquamancers
  24 dancing weapons
  6 death scarabs (Tomb:1)
  2 vampire magi (Crypt:1)
  3 two-headed ogres
  3 death knights
  4 deep troll earth magi
  A hell hog (Depths:2)
  5 deep troll shamans
  An occultist (Depths:3)
  A satyr (Shoals:3)
  15 death yaks
  10 naga sharpshooters
  2 orc high priests (Orc:1)
  Urug (D:13)
  4 naga warriors (Snake:4)
  6 spriggan berserkers
  6 tengu warriors
  A storm dragon zombie (Depths:3)
  7 hell knights
  9 shock serpents
  16 deep elf knights
  Sonja (Lair:2)
  20 skeletal warriors
  2 iron trolls
  2 shadow wraiths (Crypt:3)
  A spectral bunyip (Crypt:2)
  A bunyip zombie (Crypt:1)
  5 skysharks
  A glowing orange brain (Depths:3)
  9 salamander mystics
  5 flayed ghosts
  4 mana vipers
  13 sea snakes
  30 deep trolls
  A large abomination (Crypt:3)
  6 arcanists
  11 deep elf archers
  3 bog bodies
  An orange crystal statue (Zig:3)
  2 swamp dragons
  10 phantasmal warriors
  5 thermic dynamos
  12 harpies
  27 deep elf pyromancers
  14 ironbound convokers
  7 lindwurms
  5 naga ritualists
  5 necromancers
  22 deep elf zephyrmancers
  4 oklob plants (Lair:5)
  6 orc knights
  An orc sorcerer (Orc:2)
  7 fauns
  28 ugly things
  A will-o-the-wisp (Lair:4)
  7 shining eyes
  4 cyclopes
  A tengu skeleton (Depths:3)
  14 salamanders
  12 manticores
  A spectral centaur (Crypt:2)
  20 moths of wrath
  2 meliai (D:15)
  5 elephants (Lair:4)
  7 merfolk sirens
  7 guardian serpents (Snake:4)
  An apocalypse crab (Shoals:1)
  3 ice statues
  An eleionoma skeleton (Crypt:2)
  An eye of devastation (Slime:2)
  28 black mambas
  A water nymph (Shoals:4)
  4 kobold blastminers
  Joseph (D:7)
  12 vault sentinels
  7 naga magi
  2 water nymphs (shapeshifter)
  9 cane toads
  An emperor scorpion simulacrum (Crypt:1)
  3 centaur skeletons
  A gargoyle (D:10)
  7 torpor snails (Lair:5)
  9 rime drakes
  A naga skeleton (Crypt:2)
  A kobold demonologist (D:11)
  23 yaktaurs
  4 freezing wraiths
  An efreet (D:13)
  5 komodo dragons
  12 tengu conjurers
  6 guardian mummies (Tomb:1)
  17 merfolk
  4 tyrant leeches (Lair:5)
  3 hellwings (D:11)
  6 trolls
  A wind drake (shapeshifter) (Vaults:3)
  6 polar bears
  14 hornets
  Grinder (D:4)
  9 blink frogs
  4 wind drakes
  4 glass eyes
  6 snapping turtles
  A harpy skeleton (D:11)
  An air elemental (Elf:3)
  A culicivora (Vaults:1)
  A shadow (Crypt:3)
  74 slime creatures
  A spectral black mamba (Crypt:2)
  8 spriggans
  A centaur simulacrum (Crypt:2)
  A small abomination (Crypt:3)
  An ushabti (Tomb:1)
  An orc simulacrum (Crypt:2)
  19 water elementals
  A guardian serpent skeleton (Crypt:2)
  63 yaks
  A wyvern (shapeshifter) (Elf:1)
  3 wyverns
  6 wraiths
  A hog (D:15)
  8 golden eyes
  4 steam dragons
  18 fire elementals
  2 basilisks
  A redback (shapeshifter) (Elf:1)
  9 vampire mosquitoes
  10 wargs
  6 redbacks
  28 nagas
  A skyshark zombie (Crypt:2)
  An acid dragon (Lair:5)
  A naga zombie (Crypt:1)
  A swamp drake (Lair:5)
  11 water moccasins
  A glowing shapeshifter skeleton (Depths:3)
  2 sky beasts (D:7)
  20 orc warriors
  5 ice beasts
  A sky beast (shapeshifter) (Elf:3)
  A black bear (Lair:3)
  21 laughing skulls
  4 ogres
  4 boggarts
  14 wolves
  18 centaurs
  A blink frog skeleton (Crypt:2)
  A phantom (D:7)
  A weeping skull (Crypt:3)
  2 elf zombies (Ossuary)
  3 kobold brigands
  14 bullfrogs
  A gnoll sergeant (D:12)
  2 earth elementals (Elf:1)
  3 scorpions
  2 naga simulacra (Crypt:2)
  2 burial acolytes (Crypt:3)
  4 wights (D:8)
  7 killer bees
  A howler monkey (D:12)
  4 electric eels
  2 lava snakes (Lair:4)
  7 centaur zombies
  A human zombie (Ossuary)
  4 hounds
  6 orc priests
  2 jellies
  2 gnoll boudas
  3 sleepcaps
  3 iguanas
  19 orc wizards
  2 boggart skeletons (D:11)
  6 hound zombies (Ossuary)
  12 mummies
  Robin (D:3)
  20 gnolls
  8 adders
  A shadow imp (D:7)
  2 white imps
  2 ufetubi (D:5)
  6 adder zombies (Ossuary)
  An iguana skeleton (Crypt:2)
  4 dart slugs
  A ribbon worm (D:2)
  67 orcs
  4 bats
  3 endoplasms
  6 giant cockroaches
  19 goblins
  12 hobgoblins
  A quokka (D:5)
  3 training dummies (Depths:2)
  4 ball pythons
  4 frilled lizards
  A frilled lizard skeleton (Crypt:1)
  4 gnoll zombies (Ossuary)
  5 jackal zombies (Ossuary)
  22 kobolds
  7 kobold zombies
  4 orc zombies (Ossuary)
  3 rats
  An aspiring flesh (Zot:5)
  10 tentacles
2004 creatures vanquished.

Vanquished Creatures (collateral kills)
  2 dread liches (Zot:5)
  2 orbs of fire
  2 ancient liches (Zot:4)
  A juggernaut (Depths:4)
  Xtahua (Vaults:3)
  Boris (Vaults:3)
  A royal mummy (Tomb:1)
  A pandemonium lord (Zig:1)
  3 Killer Klowns
  Margery (Vaults:2)
  Nikola (Vaults:3)
  2 electric golems
  The ghost of olddryhag the Warrior, an adept CoWn of Gozag (Vaults:3)
  3 tentacled monstrosities
  6 Orb Guardians (Zot:5)
  Zenata (Vaults:3)
  2 quicksilver dragons
  A lich (Crypt:3)
  3 sphinxes
  A deep elf blademaster (Elf:3)
  10 acid blobs
  7 death cobs
  An ancient champion (Crypt:3)
  2 shadow dragons
  2 krakens (Shoals:4)
  2 storm dragons
  3 azure jellies
  2 rockslimes (Slime:5)
  A fire giant (Vaults:1)
  A nagaraja (Snake:4)
  3 frost giants
  2 deep elf sorcerers
  2 revenants
  Louise (D:15)
  4 vault wardens
  4 deep elf elementalists (Elf:3)
  A draconian stormcaller (Zot:1)
  A draconian annihilator (Zot:4)
  A ghost moth (Zot:5)
  5 quicksilver oozes
  A curse skull (Crypt:2)
  3 stone giants
  8 ironbound preservers
  2 ghouls
  8 formless jellyfish
  An ironbound thunderhulk (Vaults:3)
  3 very ugly things
  2 black draconians
  A deep elf demonologist (Elf:3)
  3 deep elf death magi (Elf:3)
  A green draconian (Zot:4)
  4 vampire knights
  6 purple draconians
  2 white draconians
  4 red draconians
  A deep elf annihilator (Elf:3)
  5 dire elephants
  2 yellow draconians
  5 ettins
  3 statues (WizLab)
  4 jiangshi
  4 fire dragons
  A spectral iron giant (Crypt:2)
  4 mummy priests (Tomb:1)
  2 deep elf high priests (Elf:3)
  A merfolk impaler (Shoals:1)
  2 great orbs of eyes
  8 yaktaur captains
  2 entropy weavers
  Erolcha (D:12)
  A hydra (Lair:3)
  A spectral fenstrider witch (Crypt:2)
  A rakshasa (Depths:2)
  8 vault guards
  An anaconda (Snake:4)
  6 ice dragons
  2 salamander tyrants (Snake:4)
  An ironbound frostheart (Vaults:2)
  A spriggan air mage (Depths:2)
  3 merfolk aquamancers
  3 boulder beetles
  4 dancing weapons
  2 centaur warriors
  2 death knights
  A deep troll shaman (Depths:3)
  A spectral storm dragon (Crypt:2)
  An alligator snapping turtle (Shoals:4)
  3 deep troll earth magi
  A sphinx skeleton (Depths:3)
  2 spriggan berserkers
  5 vampire magi
  A fenstrider witch skeleton (Crypt:2)
  5 naga sharpshooters
  2 shock serpents
  An occultist (Depths:3)
  3 hell knights
  2 death yaks (IceCv)
  A spectral dire elephant (Crypt:2)
  8 deep elf knights
  A sun demon (Depths:2)
  A shadow wraith (Crypt:2)
  3 sea snakes
  2 iron trolls (Depths:2)
  A skyshark (Shoals:2)
  A spectral bunyip (Crypt:2)
  An anaconda zombie (Tomb:1)
  11 deep trolls
  A quicksilver dragon simulacrum (Crypt:2)
  2 glowing orange brains
  16 skeletal warriors
  3 flayed ghosts
  7 mana vipers
  2 naga ritualists (Snake:4)
  5 arcanists
  A golden dragon skeleton (Crypt:1)
  2 bog bodies (Crypt:3)
  A thermic dynamo (Elf:1)
  9 deep elf archers
  A spriggan simulacrum (Crypt:3)
  A lindwurm (Lair:5)
  An orc knight (Vaults:4)
  An alligator zombie (Crypt:2)
  9 ugly things
  2 necromancers
  An obsidian statue (Shoals:1)
  12 deep elf zephyrmancers
  4 phantasmal warriors
  7 deep elf pyromancers
  6 ironbound convokers
  9 harpies
  2 orc sorcerers (Orc:2)
  A stone giant zombie (Crypt:1)
  3 cyclopes
  A moth of wrath (Zot:1)
  A spectral ettin (Crypt:3)
  4 salamanders
  A meliai (D:15)
  2 kobold blastminers (Orc:1)
  A merfolk siren (Shoals:3)
  3 manticores
  A dire elephant zombie (Crypt:1)
  An eleionoma skeleton (Crypt:1)
  9 black mambas
  A naga mage (Snake:1)
  A smoke demon (Depths:2)
  A torpor snail (Lair:5)
  4 vault sentinels
  4 guardian serpents
  A gargoyle (D:13)
  An ice statue (Zig:3)
  A cane toad (Lair:3)
  4 rime drakes
  14 yaktaurs
  A large abomination (Crypt:3)
  2 komodo dragons
  2 guardian mummies (Tomb:1)
  7 freezing wraiths
  A kobold demonologist (D:12)
  A golden dragon simulacrum (Zot:2)
  5 tengu conjurers
  A spectral harpy (Crypt:2)
  6 wind drakes
  A glass eye (Depths:3)
  8 merfolk
  2 polar bears (IceCv)
  A hornet (Depths:4)
  5 blink frogs
  3 snapping turtles (Shoals:4)
  A culicivora zombie (Crypt:1)
  A centaur simulacrum (D:14)
  7 water elementals
  4 shadows
  A wyvern (Lair:3)
  33 slime creatures
  2 wraiths
  5 wargs
  9 fire elementals
  2 hogs (D:15)
  A basilisk (Lair:5)
  16 yaks
  A slime creature zombie (Crypt:2)
  7 golden eyes (Slime:2)
  2 redbacks
  A steam dragon (Lair:5)
  A vampire mosquito (D:15)
  5 nagas
  A small abomination (Crypt:3)
  2 water moccasins
  A swamp drake (Lair:5)
  A black bear (Lair:3)
  8 orc warriors
  An elephant zombie (Crypt:2)
  An ice beast (D:10)
  5 laughing skulls
  2 wolves (D:11)
  2 boggarts (D:15)
  2 centaurs
  A kobold brigand (D:9)
  5 bullfrogs
  2 earth elementals
  2 burial acolytes (Crypt:3)
  An electric eel (Elf:3)
  3 orc priests
  An iguana (Lair:5)
  A scorpion zombie (Crypt:2)
  10 orc wizards
  A mummy (Tomb:1)
  A gnoll (D:9)
  23 orcs
  4 kobolds
  11 tentacles
681 creatures vanquished.

Vanquished Creatures (others)
  An eldritch tentacle (Zot:5)
  A fire giant (Depths:3)
  A vampire knight (Depths:3)
  A red draconian (Zot:2)
  2 yaktaur captains
  A hydra (Lair:5)
  A centaur warrior (Vaults:3)
  A naga sharpshooter (Snake:3)
  A deep elf knight (Elf:3)
  A quicksilver dragon simulacrum (Zot:2)
  A phantasmal warrior (Depths:3)
  A golden dragon skeleton (Depths:3)
  A deep elf zephyrmancer (Elf:3)
  A deep elf pyromancer (D:14)
  An orc sorcerer (Orc:2)
  A salamander (Snake:4)
  2 moths of wrath
  An unseen horror (D:11)
  8 yaktaurs
  A golden dragon simulacrum (Zot:2)
  A merfolk (Shoals:3)
  A bloated husk (Crypt:2)
  A shadow dragon simulacrum (Zot:2)
  A moth of wrath simulacrum (Zot:2)
  An ogre (Orc:1)
  An ancestor (D:9)
  84 knights
  An orc (Orc:2)
  4 foxfires (Lair:4)
  30 tentacles
154 creatures vanquished.

Grand Total: 2839 creatures vanquished

Notes
Turn   | Place    | Note
-------+----------+-------------------------------------------
     0 | D:1      | cordlesssteve the Minotaur Hunter began the quest for the
                  | Orb.
     0 | D:1      | Reached XP level 1. HP: 18/18 MP: 0/0
   245 | D:1      | Reached XP level 2. HP: 25/25 MP: 1/1
   253 | D:1      | Reached skill level 1 in Armour
   764 | D:1      | Reached XP level 3. HP: 31/31 MP: 2/2
   887 | D:2      | Identified the ring of Gifyelu {Str+4 Int+6}
  1204 | D:2      | Reached XP level 4. HP: 38/38 MP: 3/3
  1424 | D:2      | Reached skill level 5 in Ranged Weapons
  1685 | D:3      | Reached XP level 5. HP: 46/46 MP: 4/4
  1778 | D:3      | Found a sacrificial altar of Ru.
  1978 | D:3      | Found a transporter.
  1978 | D:3      | Noticed DeathSocks's ghost (weakling MDFE)
  1980 | D:3      | Found a transporter.
  1984 | D:3      | Noticed an ogre
  2230 | D:3      | Noticed Robin
  2256 | D:3      | Killed Robin
  2604 | D:4      | Reached XP level 6. HP: 53/53 MP: 5/5
  2720 | D:4      | Noticed Grinder
  2723 | D:4      | Paralysed by Grinder for 3 turns
  2733 | D:4      | Killed Grinder
  3049 | D:5      | Entered Level 5 of the Dungeon
  3056 | D:5      | Reached skill level 5 in Fighting
  3056 | D:5      | Reached XP level 7. HP: 58/61 MP: 6/6
  3136 | D:5      | Reached skill level 1 in Maces & Flails
  3474 | D:5      | Reached skill level 5 in Dodging
  3976 | D:6      | Identified 2 scrolls of acquirement
  4020 | D:6      | Found Rant's Antique Weapon Boutique.
  4025 | D:6      | Identified the +4 battleaxe "Volot" {speed, rN+}
  4113 | D:6      | Reached skill level 5 in Armour
  4147 | D:6      | Reached skill level 1 in Axes
  4147 | D:6      | Reached XP level 8. HP: 64/70 MP: 7/7
  4534 | D:6      | Found Uloakh's Antique Weapon Emporium.
  4553 | D:6      | Bought a translucent arbalest for 247 gold pieces
  4553 | D:6      | Identified the +9 arbalest "Pizisu" {freeze, rC++} (You
                  | bought it in a shop on level 6 of the Dungeon)
  4838 | D:7      | Found a sand-covered staircase.
  4845 | Ossuary  | Entered an ossuary
  4985 | Ossuary  | Reached XP level 9. HP: 77/78 MP: 8/8
  5274 | D:7      | Found a staircase to the Ecumenical Temple.
  5353 | D:7      | Found an ornate altar of the Wu Jian Council.
  5355 | D:7      | Found a broken altar of Ashenzari.
  5421 | D:7      | Noticed Joseph
  5432 | D:7      | Killed Joseph
  5597 | Temple   | Entered the Ecumenical Temple
  5647 | Temple   | Became a worshipper of Hepliaklqana the Forgotten
  5682 | D:8      | Reached skill level 5 in Maces & Flails
  5817 | D:8      | Found a blossoming altar of Fedhas.
  5890 | D:8      | Reached skill level 5 in Axes
  6207 | D:8      | Reached * piety under Hepliaklqana
  6361 | D:8      | Noticed Erica
  6369 | D:8      | Killed Erica
  6370 | D:8      | Reached XP level 10. HP: 54/79 MP: 9/9
  7022 | D:9      | Found a shimmering blue altar of Sif Muna.
  7473 | D:10     | Entered Level 10 of the Dungeon
  7477 | D:10     | Noticed a gargoyle
  7486 | D:10     | Killed a gargoyle
  7518 | D:10     | Reached ** piety under Hepliaklqana
  7519 | D:10     | Remembered your ancestor Teympexa as a knight
  7641 | D:10     | Identified the +1 pair of gloves of Impressiveness {rElec
                  | rF+}
  7697 | D:10     | Noticed a two-headed ogre
  7715 | D:10     | Killed a two-headed ogre
  7716 | D:10     | Reached XP level 11. HP: 74/87 MP: 10/10
  7770 | D:10     | Found a staircase to the Lair.
  7830 | D:10     | Identified the +1 robe of the Meadowlark {rN++ Dex+2}
  7846 | D:10     | Found a radiant altar of Vehumet.
  7846 | D:10     | Found an opulent altar of Gozag.
  7846 | D:10     | Found an ancient bone altar of Kikubaaqudgha.
  7846 | D:10     | Found an iron altar of Okawaru.
  7847 | D:10     | Found a glowing silver altar of Zin.
  7847 | D:10     | Found a white marble altar of Elyvilon.
  7849 | D:10     | Found a snail-covered altar of Cheibriados.
  7849 | D:10     | Found a bloodstained altar of Trog.
  7849 | D:10     | Found a shadowy altar of Dithmenos.
  8005 | D:11     | Noticed a boulder beetle
  8014 | D:11     | Killed a boulder beetle
  8254 | D:11     | Found a staircase to the Orcish Mines.
  8518 | D:11     | Reached skill level 10 in Fighting
  8518 | D:11     | Reached skill level 10 in Ranged Weapons
  8735 | D:11     | Found the +4 Cigotuvi's embrace {Corpsefed rMiasma ^Drain
                  | rN+}
  9224 | D:12     | Reached XP level 12. HP: 96/96 MP: 11/11
  9318 | D:12     | Noticed Erolcha
  9320 | D:12     | Noticed a two-headed ogre
  9353 | Lair:1   | Entered Level 1 of the Lair of Beasts
  9370 | Lair:1   | Reached skill level 10 in Armour
  9582 | Lair:1   | Reached *** piety under Hepliaklqana
 10382 | Lair:2   | Reached **** piety under Hepliaklqana
 10393 | Lair:2   | Noticed Sonja
 10394 | Lair:2   | Killed Sonja
 10395 | Lair:2   | Reached skill level 10 in Dodging
 10473 | Lair:2   | Reached skill level 10 in Maces & Flails
 10670 | Lair:2   | Found a staircase to the Snake Pit.
 10775 | Lair:2   | Noticed a catoblepas
 10783 | Lair:2   | Killed a catoblepas
 11045 | Lair:3   | Reached skill level 10 in Axes
 11095 | Lair:3   | Reached XP level 13. HP: 104/104 MP: 12/12
 11284 | Lair:3   | You fall into a shaft and drop 2 floors!
 11284 | Lair:5   | Entered Level 5 of the Lair of Beasts
 11642 | Lair:5   | Found the -2 hat of the Alchemist {rElec rPois rF+ rC+ rN+
                  | Will+ rMut rCorr}
 12236 | Lair:3   | Found a staircase to the Shoals.
 13177 | Lair:4   | Reached skill level 1 in Invocations
 13222 | Lair:4   | Reached ***** piety under Hepliaklqana
 13246 | Lair:4   | Noticed Rupert
 13254 | Lair:4   | Killed Rupert
 13255 | Lair:4   | Reached XP level 14. HP: 114/114 MP: 13/13
 13658 | Lair:5   | Identified the +1 lajatang of Evymog {venom, Dex+6}
 13811 | Lair:5   | Found a staircase to the Slime Pits.
 15484 | D:6      | Bought a jewelled eveningstar for 620 gold pieces
 15484 | D:6      | Identified the +8 eveningstar "Luydoh" {heavy, Will+ Str+4
                  | Int-5} (You bought it in a shop on level 6 of the Dungeon)
 15675 | D:12     | Killed Erolcha
 16317 | D:13     | Noticed an ironbound preserver
 16327 | D:13     | Killed an ironbound preserver
 16356 | D:13     | Found a gate to the Vaults.
 16442 | D:13     | Noticed Urug
 16446 | D:13     | Killed Urug
 16799 | D:13     | Reached XP level 15. HP: 123/123 MP: 16/16
 18178 | D:14     | Found Ywot's Magic Scroll Boutique.
 18184 | D:14     | Bought a scroll of identify for 28 gold pieces
 18184 | D:14     | Bought a scroll of identify for 28 gold pieces
 18184 | D:14     | Bought a scroll of blinking for 105 gold pieces
 18184 | D:14     | Bought a scroll of fear for 56 gold pieces
 18184 | D:14     | Bought a scroll of identify for 28 gold pieces
 18208 | D:14     | Identified the +8 chain mail of Agnosticism {+Inv Fly rC+
                  | Dex+3}
 18502 | D:15     | Entered Level 15 of the Dungeon
 18508 | D:15     | Noticed Agnes
 18793 | Orc:1    | Entered Level 1 of the Orcish Mines
 19666 | Orc:2    | Entered Level 2 of the Orcish Mines
 19666 | Orc:2    | Found a staircase to the Elven Halls.
 19821 | Orc:2    | Found a frozen archway.
 19830 | IceCv    | Entered an ice cave
 20034 | IceCv    | Noticed a frost giant
 20060 | IceCv    | Killed a frost giant
 20523 | Elf:1    | Entered Level 1 of the Elven Halls
 20776 | Elf:1    | Identified the granite talisman of a wizard's laboratory
                  | {Str+4 Int+4}
 20776 | Elf:1    | Noticed Roxanne
 20905 | Orc:2    | Reached skill level 5 in Invocations
 20938 | Orc:2    | Found Xygavuc's Jewellery Emporium.
 20959 | Orc:2    | Found Nyrirgh's Magic Scroll Shoppe.
 20975 | Orc:2    | Bought a scroll of fear for 60 gold pieces
 20975 | Orc:2    | Bought a scroll of blinking for 112 gold pieces
 21154 | Orc:2    | Found a roughly hewn altar of Beogh.
 21189 | Orc:2    | Found Xetij's Armour Emporium.
 21241 | Orc:2    | Found Xucupiaj's Book Shoppe.
 21516 | Orc:2    | Reached XP level 16. HP: 128/132 MP: 18/18
 21766 | Orc:2    | Bought an amulet of reflection for 540 gold pieces
 21860 | Elf:1    | Found a runed translucent gate.
 21860 | Elf:1    | Found a runed translucent gate.
 21860 | Elf:1    | Found a runed translucent gate.
 21861 | Elf:1    | Noticed a tentacled monstrosity
 21862 | Elf:1    | Killed Roxanne
 21866 | Elf:1    | Noticed a tentacled monstrosity
 21869 | Elf:1    | Noticed a tentacled monstrosity
 22126 | Elf:1    | Reached skill level 15 in Fighting
 24113 | Elf:2    | Found Boidioce's Armour Shoppe.
 24534 | Elf:2    | Found Jihengayw's Armour Emporium.
 24593 | Elf:2    | Bought a +2 cloak of stealth for 236 gold pieces
 24663 | Elf:2    | Found Caffiull's Armour Emporium.
 24898 | Elf:2    | Found a runed translucent gate.
 24898 | Elf:2    | Found a runed translucent gate.
 24898 | Elf:2    | Found a runed translucent gate.
 25168 | Elf:2    | Reached skill level 15 in Armour
 25190 | Elf:2    | Reached XP level 17. HP: 81/141 MP: 21/21
 25683 | Elf:3    | Entered Level 3 of the Elven Halls
 25913 | Elf:3    | Reached skill level 15 in Maces & Flails
 25937 | Elf:3    | Reached skill level 15 in Axes
 25937 | Elf:3    | Reached skill level 15 in Ranged Weapons
 27213 | Elf:3    | Identified the ring of the Hidden Blessings {rPois Will+
                  | Dex+6}
 27382 | Elf:3    | Noticed a Hell Sentinel
 27692 | Elf:3    | Noticed a deep elf master archer
 28740 | Elf:3    | Noticed a deep elf blademaster
 28763 | Elf:3    | Killed a deep elf blademaster
 28935 | Elf:3    | Identified the staff of Eckaptei {rN+ rCorr MP-9 Earth}
 29058 | Elf:3    | Identified the +2 chain mail of Repulsion {^Drain Str+4
                  | Dex+3}
 29058 | Elf:3    | Noticed a deep elf blademaster
 29072 | Elf:3    | Killed a deep elf blademaster
 29228 | Elf:3    | Identified the ring "Xemim" {rPois rF+ Str+6 Int+2}
 29365 | Elf:3    | Identified the ring "Ejofeukkigio" {+Blink Str+6}
 29552 | Elf:3    | Reached XP level 18. HP: 148/151 MP: 23/23
 29660 | Elf:3    | Identified the amulet of Uwkius {rElec RegenMP+ Int+4
                  | Stlth+}
 30214 | Elf:3    | Got Ibor's Exposition on Nephomancy and Concussion
 30269 | Elf:3    | Got the Incunable of Jinxing and Mortality
 30324 | Elf:3    | Got the Vellum of Excavation
 30330 | Elf:3    | Got the Atlas of Lethal Breccia
 30339 | Elf:3    | Got Sif Muna's Atlas of the Mighty Mantle
 30361 | Elf:3    | Got the Codex of Flinty Calling
 31058 | D:14     | Killed Agnes
 31356 | D:15     | Identified the +2 tower shield of the Ego {+Blink Will+}
 31356 | D:15     | Noticed Louise
 31380 | D:15     | Killed Louise
 31381 | D:15     | Reached skill level 15 in Dodging
 31507 | D:15     | Noticed Kirke
 31523 | D:15     | Killed Kirke
 31780 | D:15     | Found a staircase to the Depths.
 32037 | Snake:1  | Entered Level 1 of the Snake Pit
 32089 | Snake:1  | Found Gihydd's Armour Shoppe.
 32923 | Snake:2  | Noticed Asterion
 32930 | Snake:2  | Killed Asterion
 33075 | Snake:2  | Noticed Vashnia
 33114 | Snake:2  | Killed Vashnia
 33366 | Snake:2  | Identified the serpent talisman of the Northern Lights
                  | {rElec rN+ MP+9 Dex+3}
 33366 | Snake:2  | Noticed Aizul
 33375 | Snake:2  | Killed Aizul
 33929 | Snake:3  | Noticed Jorgrun
 33971 | Snake:3  | Killed Jorgrun
 34280 | Snake:3  | Noticed Mara
 34319 | Snake:3  | Noticed cordlesssteve's illusion
 34467 | Snake:3  | Noticed cordlesssteve's illusion
 34526 | Snake:2  | Killed Mara
 35746 | Snake:4  | Entered Level 4 of the Snake Pit
 35757 | Snake:4  | Noticed Mlioglotl
 36683 | Snake:3  | Killed Mlioglotl
 36983 | Snake:4  | Reached XP level 19. HP: 159/159 MP: 25/25
 37593 | Snake:4  | Identified the +2 trident of the Spectre {freeze, Fly Will+
                  | Dex+2}
 37616 | Snake:4  | Reached skill level 10 in Invocations
 38450 | Snake:4  | Acquired 821 gold pieces
 38451 | Snake:4  | Acquired a manual of Ranged Weapons
 38486 | Snake:4  | Got a serpentine rune of Zot
 39021 | Slime:1  | Entered Level 1 of the Pits of Slime
 40391 | Slime:2  | Paralysed by a formless jellyfish for 1 turns
 41148 | Slime:3  | Paralysed by a formless jellyfish for 1 turns
 41670 | Slime:5  | Entered Level 5 of the Pits of Slime
 41715 | Slime:5  | Reached XP level 20. HP: 162/169 MP: 27/27
 42120 | Slime:5  | Found the +8 Vampire's Tooth {megavamp}
 42605 | Slime:5  | Gained mutation: Your magical capacity is low. (-10% MP) [a
                  | shining eye]
 42607 | Slime:5  | Noticed the Royal Jelly
 45030 | Shoals:1 | Entered Level 1 of the Shoals
 45059 | Shoals:1 | Found Atistrake's Antique Armour Shop.
 45104 | Shoals:1 | Found a flickering gateway to a bazaar.
 45125 | Bazaar   | Entered a bazaar
 45125 | Bazaar   | Found Huirutou's Book Emporium.
 45140 | Bazaar   | Found Yklul's Jewellery Boutique.
 45150 | Bazaar   | Found Tupnop's Armour Emporium.
 45161 | Bazaar   | Found Lathrul's General Store.
 45169 | Bazaar   | Found Coidusof's Jewellery Emporium.
 45799 | Shoals:1 | Identified the ring "Ujocug" {Ice rPois Stlth+}
 45820 | Shoals:1 | Got Tawkesas's Directory of Mad Ravings
 46231 | Shoals:1 | Bought a pair of faintly humming gloves for 313 gold pieces
 46231 | Shoals:1 | Identified the +0 pair of gloves "Ges Xogh" {Str+3 Stlth+}
                  | (You bought it in a shop on level 1 of the Shoals)
 46231 | Shoals:1 | Bought a glimmering chain mail for 313 gold pieces
 46231 | Shoals:1 | Identified the +0 chain mail of the Hidden Vale {Fly rPois}
                  | (You bought it in a shop on level 1 of the Shoals)
 46286 | Shoals:2 | Found Vasy Kes's Magic Scroll Shoppe.
 46305 | Shoals:2 | Bought a scroll of blinking for 97 gold pieces
 46305 | Shoals:2 | Bought a scroll of identify for 26 gold pieces
 46305 | Shoals:2 | Bought a scroll of teleportation for 39 gold pieces
 46305 | Shoals:2 | Bought 3 scrolls of identify for 78 gold pieces
 46305 | Shoals:2 | Bought a scroll of summoning for 123 gold pieces
 46305 | Shoals:2 | Bought a scroll of fear for 52 gold pieces
 46739 | Shoals:2 | Found a runed translucent door.
 46740 | Shoals:2 | Noticed jamsaran's ghost (journeyman DgAl)
 46752 | Shoals:2 | Killed jamsaran's ghost
 47075 | Shoals:3 | Found Kuridok's Weapon Emporium.
 48061 | Shoals:4 | Entered Level 4 of the Shoals
 48818 | Shoals:4 | Got the Guidebook on Metallic Chrysopoeia
 48877 | Shoals:4 | Reached XP level 21. HP: 170/178 MP: 26/26
 49368 | Shoals:4 | Got a barnacled rune of Zot
 49494 | Shoals:4 | Identified the ring of the Median {Will- rCorr Str+3
                  | Slay+2}
 49792 | Vaults:1 | Entered Level 1 of the Vaults
 50169 | Vaults:1 | Identified the +5 hand axe "Grim Tooth" {elec, rCorr Int+6}
 51623 | Vaults:1 | Identified the +0 pair of boots of the Wilderness {rF+
                  | Dex+3}
 52387 | Shoals:1 | Bought a pair of glowing gloves for 247 gold pieces
 52387 | Shoals:1 | Bought a glowing ring mail for 231 gold pieces
 52591 | Vaults:2 | Found Kinokkie's Magic Scroll Emporium.
 52628 | Vaults:2 | You are sucked into a shaft and drop 1 floor!
 53340 | Vaults:2 | Bought a scroll of teleportation for 39 gold pieces
 53679 | Vaults:2 | Found Zeyrr's Weapon Shoppe.
 53778 | Vaults:2 | Found a staircase to the Crypt.
 53889 | Vaults:2 | Reached XP level 22. HP: 139/188 MP: 27/27
 54059 | Vaults:2 | Identified the +1 helmet of Knowledge {rPois Dex+2}
 54292 | Vaults:2 | Found Doeziluc's Armour Shoppe.
 54303 | Vaults:2 | Bought the +1 cloak of Starlight {*Dazzle EV+4 Stlth--} for
                  | 610 gold pieces
 54303 | Vaults:2 | Bought the +1 pair of boots of Niucur {rElec Dex+6} for 722
                  | gold pieces
 54303 | Vaults:2 | Found the +1 cloak of Starlight {*Dazzle EV+4 Stlth--}
 54360 | Vaults:2 | Noticed Margery
 55040 | Vaults:2 | Killed Margery
 55490 | Vaults:3 | Found a transporter.
 55494 | Vaults:3 | Noticed olddryhag's ghost (adept CoWn)
 55595 | Vaults:3 | Noticed Zenata
 55951 | Vaults:3 | Killed Zenata
 56331 | Vaults:3 | Noticed Nikola
 56340 | Vaults:3 | Killed Nikola
 56516 | Vaults:3 | Found a transporter.
 56628 | Vaults:3 | Noticed Xtahua
 56647 | Vaults:3 | Killed Xtahua
 57177 | Vaults:3 | Identified the +4 robe "Moidoe Kesul" {Rampage rC- rN+++
                  | Dex+3}
 57177 | Vaults:3 | Noticed Boris
 57189 | Vaults:3 | Killed Boris
 57513 | Vaults:4 | Found a magical portal.
 57520 | WizLab   | Entered Iskenderun's Mystic Tower
 58317 | WizLab   | Got Iskenderun's Book of Conjury
 58317 | WizLab   | Got Iskenderun's Guide on Forces
 58653 | Vaults:4 | Identified the +1 great sword "Jamaf" {flame, rElec Str+5
                  | Dex+3}
 58695 | Vaults:4 | Found Qupovaj's Book Shop.
 59245 | Vaults:4 | Reached XP level 23. HP: 196/196 MP: 29/29
 60041 | Vaults:5 | Entered Level 5 of the Vaults
 60983 | Vaults:5 | Noticed an ancient lich
 61450 | Crypt:1  | Entered Level 1 of the Crypt
 62043 | Crypt:1  | Identified the +2 robe "Imoleapp" {^Drain rC+ Slay+2}
 62043 | Crypt:1  | Noticed Boris
 62057 | Crypt:1  | Killed Boris
 62935 | Crypt:2  | Found a runed translucent gate.
 62936 | Crypt:2  | Found a runed translucent gate.
 62937 | Crypt:2  | Found a runed translucent gate.
 62938 | Crypt:2  | Noticed Micliseo's ghost (adept GrFi)
 63676 | Crypt:2  | Killed Micliseo's ghost
 63855 | Crypt:3  | Entered Level 3 of the Crypt
 63899 | Crypt:3  | Reached skill level 1 in Stealth
 64149 | Crypt:3  | Found an ancient bone altar of Kikubaaqudgha.
 64152 | Crypt:3  | Reached skill level 15 in Invocations
 64416 | Crypt:3  | Identified the ring "Kimughos" {Wiz rC++}
 64436 | Crypt:3  | Reached XP level 24. HP: 192/207 MP: 28/29
 64853 | Crypt:3  | Identified the +3 rapier "Latwiuq" {freeze, Stlth+}
 64944 | Crypt:3  | Found a staircase to the Tomb.
 64944 | Crypt:3  | Noticed a dread lich
 64956 | Crypt:3  | Killed a dread lich
 65010 | Crypt:3  | Identified the staff of Judgement {rF- rN+ rCorr Str+4
                  | Necro}
 65715 | Slime:5  | Found a viscous altar of Jiyva.
 67003 | Slime:5  | Killed the Royal Jelly
 67347 | Slime:5  | Identified the +3 kite shield of Plasticity {rPois rF+ rC-
                  | rN+}
 67370 | Slime:5  | Got Sif Muna's Omnibus of Blistering Elsewhere
 67399 | Slime:5  | Identified the +1 rapier of Defenestration {spect, rCorr
                  | SInv}
 67401 | Slime:5  | Identified the amulet of Leaves {Spirit *Slow rC- rN+++
                  | Stlth+}
 67407 | Slime:5  | Got a slimy rune of Zot
 67429 | Slime:5  | Identified the ring of Sukifup {Wiz rN+}
 67447 | Slime:5  | Identified the +1 robe of Generosity {Rampage Will+ Dex+2
                  | Archmagi}
 68123 | Tomb:1   | Entered Level 1 of the Tomb of the Ancients
 68371 | Tomb:1   | Identified the +3 robe of Submission {Will++}
 68371 | Tomb:1   | Noticed Boris
 68382 | Tomb:1   | Killed Boris
 68384 | Tomb:1   | Reached skill level 1 in Short Blades
 68663 | Tomb:1   | Reached skill level 1 in Long Blades
 69602 | Tomb:1   | Noticed a royal mummy
 69932 | Tomb:1   | Learned a level 5 spell: Lee's Rapid Deconstruction
 70190 | Vaults:3 | Killed olddryhag's ghost
 70211 | Vaults:3 | Identified the +4 helmet of Cheibriados's Esteem {Int+4}
 70212 | Vaults:3 | Identified the staff "Ocogaur" {^Fragile rPois Str+2 Conj
                  | Earth}
 70947 | Orc:2    | Bought a book of the Moon for 560 gold pieces
 70953 | Orc:2    | Learned a level 5 spell: Silence
 71381 | Tomb:1   | Killed a royal mummy
 71542 | Tomb:1   | Reached skill level 5 in Stealth
 71876 | Tomb:1   | Noticed a royal mummy
 71886 | Tomb:1   | Killed a royal mummy
 72131 | Tomb:1   | Reached skill level 5 in Short Blades
 72140 | Tomb:1   | Identified the +1 hand axe "Newt's Curse" {heavy, Int+5
                  | Stlth+}
 73156 | Depths:1 | Entered Level 1 of the Depths
 73685 | Depths:2 | Found Zuocsoxe's Magic Scroll Boutique.
 73695 | Depths:2 | Found a corrupted altar of Lugonu.
 73695 | Depths:2 | Found a one-way gate to the infinite horrors of the Abyss.
 73739 | Depths:2 | Found a flickering gateway to a bazaar.
 73748 | Bazaar   | Entered a bazaar
 73753 | Bazaar   | Found Pezige's Jewellery Boutique.
 73840 | Bazaar   | Found Uretis's General Store.
 73849 | Bazaar   | Bought a scroll of teleportation for 33 gold pieces
 73849 | Bazaar   | Bought a scroll of fear for 44 gold pieces
 73849 | Bazaar   | Bought a potion of cancellation for 88 gold pieces
 73849 | Bazaar   | Bought a scroll of fog for 44 gold pieces
 73864 | Bazaar   | Found Pixtaeni's Distillery.
 73869 | Bazaar   | Bought a potion of curing for 39 gold pieces
 73869 | Bazaar   | Bought a potion of curing for 39 gold pieces
 73869 | Bazaar   | Bought 2 potions of heal wounds for 130 gold pieces
 73869 | Bazaar   | Bought a potion of resistance for 130 gold pieces
 73869 | Bazaar   | Bought a potion of curing for 39 gold pieces
 73885 | Bazaar   | Found Boficrella's Antique Weapon Emporium.
 73923 | Depths:2 | Found Far Maq's Magic Scroll Emporium.
 74042 | Depths:2 | Bought a scroll of silence for 123 gold pieces
 74055 | Depths:2 | Found Serph's Firing Range.
 74082 | Depths:2 | Bought 2 throwing nets for 114 gold pieces
 74138 | Depths:2 | Found a one-way gate leading to the halls of Pandemonium.
 74340 | Depths:2 | Reached XP level 25. HP: 214/216 MP: 30/30
 74567 | Depths:2 | Found Foxaumit's Distillery.
 74575 | Depths:2 | Bought 2 potions of curing for 120 gold pieces
 74575 | Depths:2 | Bought a potion of curing for 60 gold pieces
 74575 | Depths:2 | Bought a potion of curing for 60 gold pieces
 74575 | Depths:2 | Bought a potion of resistance for 200 gold pieces
 74575 | Depths:2 | Bought a potion of resistance for 200 gold pieces
 74622 | Depths:2 | Bought a scroll of teleportation for 51 gold pieces
 74622 | Depths:2 | Bought a scroll of teleportation for 51 gold pieces
 74622 | Depths:2 | Bought a scroll of fog for 68 gold pieces
 74622 | Depths:2 | Bought a scroll of blinking for 127 gold pieces
 74622 | Depths:2 | Bought a scroll of blinking for 127 gold pieces
 74857 | Depths:2 | Found a gateway to Hell.
 75035 | Depths:2 | Found Femeuc's Weapon Shop.
 75988 | Depths:3 | Reached skill level 10 in Short Blades
 76075 | Depths:3 | Found a runed translucent gate.
 76077 | Depths:3 | Found a runed translucent gate.
 76077 | Depths:3 | Found a runed translucent gate.
 76077 | Depths:3 | Noticed Oxzi's ghost (adept DEHW)
 76077 | Depths:3 | Noticed Jehehi's ghost (veteran DgCj)
 76077 | Depths:3 | Noticed Voac's ghost (journeyman MiAr)
 76117 | Depths:3 | Killed Jehehi's ghost
 76123 | Depths:3 | Killed Voac's ghost
 76131 | Depths:3 | Killed Oxzi's ghost
 76334 | Depths:3 | Found a one-way gateway to a ziggurat.
 76345 | Zig:1    | Entered Level 1 of a ziggurat
 76345 | Zig:1    | Noticed Arecsatz the pandemonium lord
 76359 | Zig:1    | Killed Arecsatz the pandemonium lord
 76634 | Zig:2    | Entered Level 2 of a ziggurat
 76644 | Zig:2    | Identified the staff "Fobaosufasyt" {Fly Int-5 Summ Fire
                  | Earth}
 76646 | Zig:3    | Entered Level 3 of a ziggurat
 76675 | Zig:3    | Reached skill level 5 in Long Blades
 76970 | Zig:4    | Entered Level 4 of a ziggurat
 77517 | Depths:4 | Entered Level 4 of the Depths
 77531 | Depths:4 | Noticed a juggernaut
 77537 | Depths:4 | Killed a juggernaut
 77580 | Depths:4 | Noticed a juggernaut
 77586 | Depths:4 | Killed a juggernaut
 77802 | Depths:4 | Reached skill level 10 in Stealth
 77828 | Depths:4 | Found a gate to the Realm of Zot.
 78222 | Depths:4 | Found a blossoming altar of Fedhas.
 78437 | Depths:4 | Identified the +8 quarterstaff "Spiderslayer" {flame, rPois
                  | rC+ rCorr}
 78802 | Depths:4 | Identified the +5 chain mail of Festooned Lucidity {Str+2
                  | Slay+6}
 79000 | Zot:1    | Entered Level 1 of the Realm of Zot
 79746 | Zot:1    | Reached XP level 26. HP: 200/222 MP: 29/30
 80112 | Zot:1    | Noticed an orb of fire
 80126 | Zot:1    | Killed an orb of fire
 82332 | Zot:2    | Identified the ring "Derrure" {Ice rElec rPois Will++
                  | Dex+4}
 82332 | Zot:2    | Noticed Josephina
 82351 | Zot:2    | Killed Josephina
 83238 | Zot:3    | Noticed an orb of fire
 83254 | Zot:3    | Gained mutation: You occasionally lose the ability to read
                  | scrolls when taking damage. [an orb of fire]
 83808 | Zot:3    | Gained mutation: Armour fits poorly on your strangely
                  | shaped body. [an orb of fire]
 83838 | Zot:2    | Killed an orb of fire
 84321 | Zot:3    | Noticed an orb of fire
 84331 | Zot:3    | Gained mutation: You are partially covered in large bone
                  | plates. (SH +4) [an orb of fire]
 84344 | Zot:2    | Killed an orb of fire
 84738 | Zot:4    | Noticed an orb of fire
 84799 | Zot:4    | Gained mutation: You are clumsy. (Dex -2) [an orb of fire]
 84810 | Zot:3    | Killed an orb of fire
 86414 | Zot:5    | Entered Level 5 of the Realm of Zot
 86419 | Zot:4    | Reached XP level 27. HP: 239/239 MP: 30/30
 86429 | Abyss:3  | Cast into level 3 of the Abyss (black draconian knight)
 86439 | Zot:5    | Escaped the Abyss
 87117 | Zot:5    | Identified the +0 chain mail "Ciem" {rElec Dex+3}
 87286 | Zot:5    | Noticed an ancient lich
 87297 | Zot:5    | Killed an ancient lich
 87462 | Zot:5    | Noticed a dread lich
 87465 | Zot:5    | Noticed a dread lich
 87467 | Zot:5    | Noticed an orb of fire
 87467 | Zot:5    | Noticed an ancient lich
 87468 | Zot:5    | Gained mutation: You occasionally lose the ability to drink
                  | potions when taking damage. [an orb of fire]
 87468 | Zot:5    | Noticed an ancient lich
 87470 | Zot:5    | Killed a dread lich
 87476 | Zot:5    | Noticed an ancient lich
 87499 | Zot:5    | Noticed an orb of fire
 87499 | Zot:5    | Noticed an ancient lich
 88384 | Zot:4    | Upgraded the game from 0.32-a0-612-g1c984fe9d1 to
                  | 0.32-a0-616-g9348d4545b
 88410 | Zot:4    | Killed an ancient lich
 88580 | Zot:5    | Noticed an ancient lich
 88717 | Zot:4    | Killed a dread lich
 88817 | Zot:4    | Killed an ancient lich
 88958 | Zot:4    | Gained mutation: You are very clumsy. (Dex -4) [an orb of
                  | fire]
 88961 | Zot:4    | Killed an orb of fire
 89199 | Zot:5    | Noticed a dread lich
 89295 | Zot:5    | Killed an ancient lich
 89315 | Zot:4    | Killed an ancient lich
 89741 | Zot:5    | Killed a dread lich
 89785 | Zot:5    | Noticed an ancient lich
 90102 | Zot:4    | Killed an ancient lich
 90477 | Zot:5    | Killed an orb of fire
 90537 | Zot:5    | Noticed an ancient lich
 90540 | Zot:5    | Killed an ancient lich
 90852 | Zot:5    | Killed an ancient lich
 91293 | Zot:5    | Reached skill level 15 in Stealth
 91317 | Zot:5    | HP: 3/243 [Orb Guardian (24)]
 91317 | Zot:5    | Slain by an Orb Guardian

Illustrated notes

Levels and vault maps discovered:
D:1:      beargit_arrival_greenhouse, layout_loops_ring, chequers_avenue
D:2:      layout_loops_ring
D:3:      layout_loops_corners, mainiacjoe_overflow_alcove_2,
          gammafunk_ghost_smash, kennysheep_boxes, uniq_robin
D:4:      layout_rooms, uniq_grinder
D:5:      layout_loops_ring
D:6:      corexii_shack_village, layout_gridville, serial_shops, shop, shop
D:7:      layout_loops_ring, minitemple, minmay_temple_entry_wispy,
          enter_ossuary_5, uniq_joseph
D:8:      layout_basic, lemuel_tele_altar, serial_co_window_serial,
          co_window_corner_a, co_window_paths_a, co_window_paths_a,
          co_window_of_opportunity_a, co_window_paths_a, co_window_paths_b,
          co_window_corner_ca, co_window_corner_b, co_window_2corner,
          co_window_cross_3, co_window_2corner, co_window_corner_ca,
          co_window_cross_3, glass_columns_a, glass_columns_a, glass_columns_a,
          minmay_crystal_room, uniq_erica
D:9:      layout_roguey, nicolae_sif_muna_little_library
D:10:     layout_cave_pools, nicolae_overflows_in_rows, hellmonk_lair_entry_icy,
          serial_column_ruins, column_ruins_columns_corner, column_ruins_grid_3,
          column_ruins_grid_3, column_ruins_corridor_straight
D:11:     layout_irregular_city, minmay_orc_entry_guard_dogs,
          hellmonk_guarded_unrand_cigotuvi
D:12:     layout_loops_cross, minivault_23, uniq_erolcha
D:13:     layout_layer_cave, hellmonk_vaults_order_and_chaos, serial_rivers,
          chequers_serial_rivers_small_b, chequers_serial_rivers_small_b,
          chequers_serial_rivers_room_b, chequers_serial_rivers_micro_a,
          uniq_urug
D:14:     nicolae_hitomezashi [nicolae_hito_row, nicolae_hito_row,
          nicolae_hito_row, nicolae_hito_row, nicolae_hito_row,
          nicolae_hito_row, nicolae_hito_row, nicolae_hito_row,
          nicolae_hito_row, nicolae_hito_row, nicolae_hito_row,
          nicolae_hito_row, nicolae_hito_row, nicolae_hito_row,
          nicolae_hito_row, nicolae_hito_row, nicolae_hito_row,
          nicolae_hito_row], layout_rooms, serial_shops, shop, nicolae_sextant
D:15:     grunt_enter_depths_snipers, layout_rooms, hangedman_decor_lopped,
          uniq_agnes, uniq_kirke, uniq_louise
Temple:   nicolae_temple_bog_church
Lair:1:   layout_gridlike, nicolae_lair_grazing_beasts
          [nicolae_sub_lair_graze_edge, nicolae_sub_lair_graze_edge,
          nicolae_sub_lair_graze_edge, nicolae_sub_lair_graze_edge]
Lair:2:   layout_regular_city, dummy_snake_entry, uniq_sonja
Lair:3:   wad_woods_04, layout_loops_ring, minmay_shoals_entry_centaurs,
          forest_entry_grove
Lair:4:   layout_gridlike, pond, uniq_rupert
Lair:5:   guppyfry_lair_end_dragon, layout_layer_cave, wormcave,
          minmay_slime_entry_oklob_open
Shoals:1: dreamdust_from_the_deep, layout_shoals, serial_shops, statue_bzr,
          nicolae_shoals_c_island
Shoals:2: nicolae_shoals_aurelia_aurita, layout_shoals,
          ebering_ghost_inner_flame, serial_shops, shop
Shoals:3: layout_shoals, serial_shops, nicolae_stop_n_shop_1, nicolae_tricolors
Shoals:4: shoals_end_simple, layout_shoals, nicolae_shoals_kraken_party
Snake:1:  layout_onion_interference, nicolae_snake_flat_spine,
          serial_bayou_pond_b, minmay_shop_star
Snake:2:  layout_honeycomb, uniq_vashnia, uniq_aizul, uniq_asterion
Snake:3:  layout_cave_town, serial_library_hellmonk_room_c,
          nicolae_snake_yet_another_twisty_hallway, uniq_jorgrun, uniq_mara
Snake:4:  johnstein_snake_rune_scales, layout_misc_corridors,
          hangedman_snake_corridor_cut, uniq_mlioglotl
Slime:1:  layout_caves
Slime:2:  layout_caves, basic_altar
Slime:3:  layout_caves
Slime:4:  layout_caves, cheibrodos_slime_lost_civilization_6
Slime:5:  slime_pit_nicolae_amoeboid
Orc:1:    layout_caves
Orc:2:    st_orc_town, layout_caves, portal_ice_cave_entry_pillars_2,
          nicolae_orc_rockfall, elves_outpost_lemuel
Elf:1:    layout_geoelf_diagonals, ploomutoo_gammafunk_ghost_potion_laboratory,
          hangedman_elf_disciples, grunt_ministairs_5, uniq_roxanne
Elf:2:    nicolae_elf_blades_splatter_lattice [mumra_blade_entry_bloodbath],
          layout_gridlike, serial_shops, nicolae_shop_statue_plus,
          nicolae_shop_peninsula, shop, lemuel_upstairs_altar
Elf:3:    minmay_elf_hall_not_hex, layout_geoelf_castle, lemuel_flamethrower_2
Vaults:1: st_greater_box_1, vaults_dpeg_diagonal,
          nicolae_vaults_closet_pinwheel_2, nicolae_vaults_octothorpe,
          ontoclasm_vaults_fault, hangedman_vaults_river_flow,
          hangedman_vaults_stagger, nicolae_vaults_trapezoid_lopsided_3,
          vaults_standard_mumra_x, vaults_room_pools,
          nicolae_vaults_surprise_closet, nicolae_vaults_trapezoid_lopsided_3,
          layout_vaults_omnicross
Vaults:2: nicolae_vaults_closet_pinwheel_2, ontoclasm_vaults_idyll,
          ontoclasm_vaults_ring_large, vaults_room_mumra_shop_pool,
          nicolae_vaults_more_shelving_1, hangedman_vaults_cutoff,
          nicolae_vaults_six-pack, nicolae_vaults_taking_the_gang_shopping,
          nicolae_vaults_security_offices_1, layout_vaults_quadrants,
          minmay_crypt_entry_simple_round, serial_shops, shop_fountains,
          uniq_margery
Vaults:3: gammafunk_ghost_arena, nicolae_vaults_big_ls,
          ontoclasm_vaults_shuriken, nicolae_vaults_prndl,
          vaults_room_door_ring, nicolae_vaults_network_periphery, v_misc_27,
          grunt_vaults_trifunnel, nicolae_vaults_trapezoid_layered,
          vaults_room_boxed, hangedman_vaults_stretched_pinwheel,
          nicolae_vaults_tetromino_Z_1, ontoclasm_vaults_hangar, v_misc_2,
          layout_vaults_omnibox, uniq_xtahua, uniq_nikola, uniq_zenata,
          uniq_boris
Vaults:4: infiniplex_enter_wizlab_spiral, hangedman_vaults_locks, v_rooms_5,
          vaults_dpeg_spiral, nicolae_vaults_closet_pinwheel_6,
          vaults_mumra_minichess_inversion, nicolae_vaults_two_Ls,
          ontoclasm_vaults_eye, nicolae_vaults_little_squares_6,
          layout_vaults_big_room, serial_shops, shop
Vaults:5
Crypt:1:  layout_catacombs
Crypt:2:  layout_gridlike, gammafunk_ghost_necromancy,
          nicolae_crypt_ex-fountain, grunt_megastairs_2
Crypt:3:  grunt_crypt_end_deaths_head
Tomb:1
Depths:1: layout_basic, pan_entry, pf_hell_entry_tar_river,
          evilmike_spriggan_trog_shrine, kennysheep_random_hallway,
          minmay_shop_grove, firewood_loft
Depths:2: minmay_bloctagon_deflated, layout_small_grid,
          minmay_misc_feat_enclosed, hellmouth_1, serial_shops, bzr_entry_gold,
          nicolae_shop_bloodbath_and_beyond, nicolae_shop_peninsula,
          nicolae_shop_advertising_works [nicolae_subvault_shop_adworks],
          nicolae_shop_stone, grunt_pan_entry_in_and_out,
          abyss_entry_flame_altar, nicolae_shop_firing_range,
          infiniplex_staircase_x
Depths:3: minmay_the_grid_plus [minmay_the_grid_paths, minmay_the_grid_mess,
          minmay_the_grid_rooms, minmay_the_grid_empty,
          minmay_the_grid_prize_inner_circle], layout_gridlike,
          enter_ziggurat_e, gammafunk_ghost_cemetery, abyss_entry, hell_entry,
          minmay_misc_feat_doors, grunt_decor_cap
Depths:4: evilmike_zot_entry_argh, layout_gridlike, pan_entry,
          fedhas_altar_fruit_tree, hell_entry
Zot:1:    layout_cathedral_of_symmetry, regret_index_zotdec_ex, zot_minivault_7
Zot:2:    layout_misc_corridors, grunt_ministairs_1, uniq_josephina
Zot:3:    lemuel_firehouse, layout_onion_interference,
          regret_index_zotdec_icy_dp, hangedman_elemental_corridor
Zot:4:    layout_cathedral_of_symmetry
Zot:5:    layout_misc_corridors, lemuel_golem_globe

Skill      XL: |  1  2  3  4  5  6  7  8  9 10 11 12 13 14 15 16 17 18 19 20 21 22 23 24 25 26 27 |
---------------+----------------------------------------------------------------------------------+-----
Armour         | 1 2 3 4 5 6 7 8 9 11 12 13 14 15 16 17 18 19 20 21 22 | 22.1
Fighting       | 3 4 5 6 8 9 10 11 12 13 14 15 16 17 18 19 20 21 22 23 25 26 | 26.5
Dodging        | 3 4 5 6 7 8 9 10 11 12 13 14 15 16 17 18 19 20 | 20.6
Ranged Weapons | 5 6 7 8 9 10 11 12 13 14 15 16 17 19 20 21 22 23 25 26 | 26.2
Maces & Flails | 2 4 6 7 9 10 11 12 13 14 15 16 17 18 19 | 19.4
Axes           | 1 3 5 7 8 10 11 12 13 14 15 16 17 18 19 | 19.4
Invocations    | 1 3 5 7 8 9 10 12 13 14 15 16 | 16.9
Stealth        | 1 7 10 13 15 | 15.1
Short Blades   | 7 12 | 12.2
Long Blades    | 3 5 |  5.9

Action                     |  1- 3 |  4- 6 |  7- 9 | 10-12 | 13-15 | 16-18 | 19-21 | 22-24 | 25-27 || total
---------------------------+-------+-------+-------+-------+-------+-------+-------+-------+-------++-------
  Melee: Flail             |       |     4 |       |       |       |       |       |       |       ||     4
         Shortbow          |       |     4 |       |       |       |       |       |       |       ||     4
         Unarmed           |       |     1 |       |       |       |       |       |       |       ||     1
         Whip              |       |       |    17 |       |       |       |       |       |       ||    17
         Battleaxe         |       |       |    28 |    60 |   162 |       |       |       |    30 ||   280
         Headbutt          |       |       |     7 |    12 |    46 |       |     1 |       |    14 ||    80
         Arbalest          |       |       |       |       |       |       |     2 |       |       ||     2
   Fire: Shortbow          |   123 |   117 |   132 |       |       |       |       |       |       ||   372
         Arbalest          |       |       |   145 |   360 |   798 |  1040 |  1510 |  1625 |  1275 ||  6753
  Throw: Throwing net      |       |       |     1 |       |     6 |     7 |     1 |     8 |       ||    23
 Invoke: Ancestor Life: Kn |       |       |       |     1 |       |       |       |       |       ||     1
         Recall Ancestor   |       |       |       |     1 |     8 |     4 |     6 |     8 |    13 ||    40
         Idealise          |       |       |       |       |     5 |    18 |     7 |    14 |     5 ||    49
         Transference      |       |       |       |       |       |     1 |     3 |     4 |     2 ||    10
Ability: Evoke Blink       |       |       |       |       |       |     1 |     3 |     5 |    10 ||    19
         Evoke Invisibilit |       |       |       |       |       |     1 |     1 |     2 |       ||     4
  Evoke: Wand              |       |       |       |       |     5 |       |    36 |     1 |     7 ||    49
         Tin of tremorston |       |       |       |       |       |     1 |     1 |       |       ||     2
         Phantom mirror    |       |       |       |       |       |       |     2 |     2 |     1 ||     5
         Lightning rod     |       |       |       |       |       |       |       |     5 |       ||     5
    Use: Scroll            |     3 |       |     8 |     7 |    17 |    17 |    14 |    27 |    28 ||   121
         Potion            |       |       |       |     1 |     7 |     6 |     6 |     7 |    16 ||    43
   Stab: Invisible         |       |       |       |       |       |       |       |       |     7 ||     7
         Distracted        |       |       |       |       |       |       |       |       |     1 ||     1
 Armour: Leather armour    |    30 |    47 |    44 |     2 |       |       |       |       |       ||   123
         Scale mail        |       |       |    96 |       |       |       |       |       |       ||    96
         Plate armour      |       |       |       |   270 |   332 |       |       |       |       ||   602
         Swamp dragon scal |       |       |       |       |    88 |       |       |       |       ||    88
         Chain mail        |       |       |       |       |   138 |   548 |   665 |   685 |   676 ||  2712
  Dodge: Dodged            |    39 |    55 |   135 |   152 |   404 |   385 |   664 |  1378 |  1020 ||  4232
  Block: Other             |       |       |       |       |       |    91 |   131 |   203 |   153 ||   578
         Reflection        |       |       |       |       |       |    27 |    21 |    14 |     5 ||    67

Table legend: (Time is in decaauts)
 A = Elapsed time spent in this place.
 B = Non-inter-level travel time spent in this place.
 C = Inter-level travel time spent in this place.
 D = Time resting spent in this place.
 E = Time spent auto-exploring this place.
 F = Levels seen in this place.
 G = Mean time per level.
                   A        B        C        D        E       F      G
               +--------+--------+--------+--------+--------+-----+--------+
         Total |  93277 |  86002 |   7275 |  28689 |  27465 |  67 | 1392.2 |
       Dungeon |  14817 |  13083 |   1734 |   2226 |   8095 |  15 |  987.8 |
        Temple |     62 |     56 |      6 |      0 |      0 |   1 |   62.0 |
          Lair |   7106 |   6203 |    903 |    951 |   3391 |   5 | 1421.2 |
        Shoals |   4571 |   4378 |    193 |    534 |   2586 |   4 | 1142.8 |
     Snake Pit |   7071 |   6539 |    532 |   2329 |   2519 |   4 | 1767.8 |
    Slime Pits |   8179 |   7966 |    213 |   3648 |    194 |   5 | 1635.8 |
  Orcish Mines |   2035 |   1791 |    244 |    336 |    823 |   2 | 1017.5 |
   Elven Halls |   9652 |   9001 |    651 |   3528 |    989 |   3 | 3217.3 |
        Vaults |  11699 |  10530 |   1169 |   3744 |   2943 |   5 | 2339.8 |
         Crypt |   4407 |   3622 |    785 |    832 |    888 |   3 | 1469.0 |
          Tomb |   3120 |   2870 |    250 |    983 |    179 |   1 | 3120.0 |
        Depths |   5120 |   4790 |    330 |   1472 |   1409 |   4 | 1280.0 |
           Zot |  12448 |  12187 |    261 |   6969 |   2880 |   5 | 2489.6 |
         Abyss |      9 |      9 |      0 |      0 |      0 |   1 |    9.0 |
      Ziggurat |    650 |    650 |      0 |    538 |      0 |   4 |  162.5 |
        Bazaar |    364 |    364 |      0 |     68 |     63 |   2 |  182.0 |
       Ossuary |    297 |    297 |      0 |      0 |    117 |   1 |  297.0 |
      Ice Cave |    670 |    670 |      0 |     62 |    223 |   1 |  670.0 |
        Wizlab |    992 |    992 |      0 |    466 |    165 |   1 |  992.0 |
               +--------+--------+--------+--------+--------+-----+--------+

Top non-repeatable levels by time:
   Elf:3: 4768 daAuts
   Zot:4: 4672 daAuts
 Slime:5: 4003 daAuts
Vaults:4: 3268 daAuts
   Zot:1: 3181 daAuts
  Tomb:1: 3120 daAuts
Vaults:2: 2969 daAuts
Vaults:3: 2675 daAuts
Vaults:1: 2623 daAuts
   Elf:2: 2551 daAuts
  Lair:5: 2422 daAuts
   Elf:1: 2333 daAuts
 Snake:3: 2306 daAuts
 Snake:4: 2241 daAuts
    D:13: 2136 daAuts
